omghax, neutral male scurrid Tourist ------- +..i@.| |.....| |.....| -.....+ ------- omghax the Rambler Experience level: 1 Strength: 15 Dexterity: 10 Constitution: 14 Intelligence: 11 Wisdom: 9 Charisma: 18 Health: 0(9) Energy: 2(2) Def: 0 Gold: 128 Moves: 37 Dungeon seed: FA5I7zHHtiXgyPdO Game ID: omghax_1498613386 Your Inventory: Coins $ - 128 gold pieces Weapons a - 54 uncursed +2 darts (in quiver) Armor e - an uncursed +0 Hawaiian shirt (being worn) Comestibles b - 2 uncursed tripe rations c - an uncursed lembas wafer d - 2 uncursed food rations f - 3 uncursed eggs g - an uncursed cream pie h - an uncursed fortune cookie Scrolls k - 4 uncursed scrolls of magic mapping Potions i - a blessed potion of extra healing j - an uncursed potion of extra healing Wands n - an uncursed wand of secret door detection (0:15) Tools l - an uncursed expensive camera (0:67) m - an uncursed credit card o - an uncursed tin opener Spells and supernatural/magical abilities: Name Level Category Fail Memory W - pray for help -- divine ? -- Your skills at the end: Miscellaneous Skills wands [Basic] Weapon Skills dart [Basic] Spellcasting Skills Final Attributes: You were devoutly aligned. You had infravision. You were very stealthy. You are dead. Voluntary challenges: You went without food. You did not adorn yourself with jewelry or accessories. You did not cause conflict. You were not invisible. You did not have reflection. You were not displaced. You were an atheist. You never hit with a wielded weapon. You were a pacifist. You did not use tools. You did not use plumbed fixtures. You did not drink any magical draughts. You were illiterate. You never genocided any monsters. You never polymorphed an object. You never changed form. You used no wishes. You never split a pudding. You never wrote Elbereth's name. You never violated your personal moral code. Dungeon overview: The Dungeons of Doom: levels 1 to 15 Level 1 a fountain a long staircase Level 2 Level 3 a long staircase Level 4 Level 5 a fountain Level 6 Level 7 Level 8 Level 9 Level 10 Level 11 Level 12 Level 13 Level 14 Level 15 <- You were here History has recorded: On T:1 you entered the Dungeons of Doom to retrieve the Amulet of Yendor! On T:5 you reached level 2 of The Dungeons of Doom. On T:7 you reached level 3 of The Dungeons of Doom. On T:10 you reached level 4 of The Dungeons of Doom. On T:12 you reached level 5 of The Dungeons of Doom. On T:14 you reached level 6 of The Dungeons of Doom. On T:16 you reached level 7 of The Dungeons of Doom. On T:19 you reached level 8 of The Dungeons of Doom. On T:21 you reached level 9 of The Dungeons of Doom. On T:23 you reached level 10 of The Dungeons of Doom. On T:27 you reached level 11 of The Dungeons of Doom. On T:29 you reached level 12 of The Dungeons of Doom. On T:31 you reached level 13 of The Dungeons of Doom. On T:34 you reached level 14 of The Dungeons of Doom. On T:36 you reached level 15 of The Dungeons of Doom. Score breakdown: Gold: 30 ( 3 points) Experience: 1 level ( 0 points) Exploration: 15 levels ( 420 points) Discoveries: 0 items ( 0 points) Variety of kills: 0 monsters ( 0 points) Major goal: (nothing yet) ( 0 points) Survival: died (score multiplied by 3) Total score: 1269 Latest messages: You start digging downward. You continue digging downward. You dig a pit in the floor. You hear a slurping sound. You continue digging downward. You dig a hole through the floor. You fall through... You receive a faint telepathic message from Twoflower: Your help is urgently needed at Ankh-Morpork! Look for a ...ic transporter. You couldn't quite make out that last message. The homunculus bites! You start digging downward. You continue digging downward. You dig a pit in the floor. The homunculus bites! You continue digging downward. You dig a hole through the floor. You fall through... The homunculus bites! You start digging downward. The homunculus bites! You die... Final status: Aloha omghax the Tourist, killed by a homunculus... You died in The Dungeons of Doom on dungeon level 15 with 1269 points, and 128 pieces of gold, after 37 moves. You were level 1 with a maximum of 9 hit points when you died.